 Dungeon Crawl Stone Soup version 0.27-a0-679-g77a6b55cf3 (webtiles) character file.

Game seed: 12477704793422485942

28 Demosthentine the Poker (level 3, 0/28 HPs)
             Began as a Merfolk Gladiator on Mar 18, 2021.
             Slain by a rat (1 damage)
             ... on level 2 of the Dungeon.
             The game lasted 00:00:37 (864 turns).

Demosthentine the Poker (Merfolk Gladiator)          Turns: 864, Time: 00:00:39

Health: 0/28       AC:  4    Str: 15    XL:     3   Next: 14%
Magic:  3/3        EV: 13    Int:  7    God:
Gold:   58         SH:  0    Dex: 15    Spells: 2/2 levels left

rFire    . . .     SeeInvis .   a - +0 trident
rCold    . . .     Faith    .   (no shield)
rNeg     . . .     Spirit   .   b - +0 leather armour
rPois    .         Reflect  .   c - +0 helmet
rElec    .         Harm     .   (no cloak)
rCorr    .         Rampage  .   (no gloves)
Will     .....                  (no boots)
Stlth    +.........             (no amulet)
HPRegen  0.09/turn              (no ring)
MPRegen  0.08/turn              (no ring)

@: no status effects
A: (nimble swimmer 2), mertail
a: no special abilities


You were on level 2 of the Dungeon.
You visited 1 branch of the dungeon, and saw 2 of its levels.

You collected 58 gold pieces.

Inventory:

Hand Weapons
 a - a +0 trident (weapon)
Missiles
 d - 3 throwing nets (quivered)
Armour
 b - a +0 leather armour (worn)
 c - a +0 helmet (worn)
Potions
 e - a potion of curing {unknown}
 f - a potion of degeneration {unknown}


   Skills:
 + Level 2.7 Fighting
 + Level 4.9 Polearms
 - Level 2.0 Throwing
 + Level 0.7 Armour
 + Level 4.4 Dodging


You had 2 spell levels left.
You didn't know any spells.
Your spell library contained the following spells:

 Spells                   Type           Power      Damage    Failure   Level
 Chain Lightning          Conj/Air       0%         N/A       100%        8
 Lehudib's Crystal Spear  Conj/Erth      0%         10d2      100%        8
 Absolute Zero            Ice            0%         ∞         100%        9
 Fire Storm               Conj/Fire      0%         5d1       100%        9


Dungeon Overview and Level Annotations

Branches:
Dungeon (2/15)

Altars:


Innate Abilities, Weirdness & Mutations

((You are quick and stealthy while swimming. (Stealth+, EV+, Speed+++)))
Your lower body shifts to a powerful aquatic tail in water.


Message History

The leopard gecko misses you. The adder closely misses you.
The hobgoblin hits you with a +0 club.
You closely miss the leopard gecko. The leopard gecko bites you.
The adder barely misses you.
The hobgoblin hits you but does no damage.
The leopard gecko closely misses you.
You closely miss the leopard gecko. The adder barely misses you.
The rat bites you but does no damage. The adder barely misses you.
The leopard gecko barely misses you. The hobgoblin misses you.
The rat bites you but does no damage.
You hit the leopard gecko but do no damage.
The adder closely misses you. The leopard gecko bites you.
The hobgoblin hits you with a +0 club. The rat closely misses you.
You closely miss the leopard gecko. The adder completely misses you.
The leopard gecko bites you. The hobgoblin barely misses you.
The rat completely misses you. The adder completely misses you.
You hit the leopard gecko.
The leopard gecko is moderately wounded.
The leopard gecko closely misses you. The adder bites you but does no damage.
The hobgoblin hits you with a +0 club.
* * * LOW HITPOINT WARNING * * *
The rat bites you but does no damage. The leopard gecko barely misses you.
You barely miss the leopard gecko.
The leopard gecko is moderately wounded.
The adder barely misses you. The leopard gecko closely misses you.
The hobgoblin hits you but does no damage.
The rat bites you but does no damage.
You hit the leopard gecko.
The leopard gecko is almost dead.
The adder misses you. The leopard gecko barely misses you.
The hobgoblin barely misses you. The adder bites you but does no damage.
The rat bites you.
* * * LOW HITPOINT WARNING * * *
You puncture the leopard gecko!
You kill the leopard gecko!
The adder bites you.
* * * LOW HITPOINT WARNING * * *
The hobgoblin hits you but does no damage.
The rat bites you.
You die...

# .## #.# ... #.#
#.# ##. ##@##..^.
###gSrw.....
#...w..#....
.#.###...........
.......<........
.............#..#
##.#......####..#
# #.#...## .#
#.#####


You could see 2 worms, an adder, a hobgoblin and a rat.

Vanquished Creatures
  An ooze (D:1)
  3 leopard geckos
  A ball python (D:1)
  2 goblins (D:1)
  6 kobolds (D:1)
  A quokka (D:1)
  4 bats (D:1)
  3 frilled lizards (D:1)
  4 rats (D:1)
25 creatures vanquished.

Notes
Turn   | Place    | Note
-------+----------+-------------------------------------------
     0 | D:1      | Demosthentine the Merfolk Gladiator began the quest for the
                  | Orb.
     0 | D:1      | Reached XP level 1. HP: 16/16 MP: 1/1
   112 | D:1      | Reached XP level 2. HP: 23/23 MP: 2/2
   615 | D:1      | Reached XP level 3. HP: 28/28 MP: 3/3
   864 | D:2      | HP: 1/28 [adder (4)]
   864 | D:2      | Slain by a rat

Illustrated notes

Levels and vault maps discovered:
D:1:      lightli_arrival_chessboard, layout_basic, grunt_decor_clamped
D:2:      layout_loops_ring, nicolae_overflow_crystal_walls,
          yredelemnul_altar_generic

Action                   || total
-------------------------++-------
Melee: Trident           ||    82
 Stab: Sleeping          ||     1
Armor: Leather armour    ||    28
Dodge: Dodged            ||    64

Table legend: (Time is in decaauts)
 A = Elapsed time spent in this place.
 B = Non-inter-level travel time spent in this place.
 C = Inter-level travel time spent in this place.
 D = Time resting spent in this place.
 E = Time spent auto-exploring this place.
 F = Levels seen in this place.
 G = Mean time per level.
                   A        B        C        D        E       F      G
               +--------+--------+--------+--------+--------+-----+--------+
         Total |    869 |    832 |     37 |      0 |    673 |   2 |  434.5 |
       Dungeon |    869 |    832 |     37 |      0 |    673 |   2 |  434.5 |
               +--------+--------+--------+--------+--------+-----+--------+

Top non-repeatable levels by time:
     D:1: 856 daAuts
     D:2: 13 daAuts
